 Dungeon Crawl Stone Soup version 0.31-a0-240-gb923e448b6 (webtiles) character file.

Game seed: 18365368469264922451

8 qw the Shooter (level 2, 0/23 HPs)
             Began as a Minotaur Hexslinger on July 11, 2023.
             Slain by a jackal (3 damage)
             ... on level 1 of the Dungeon.
             The game lasted 00:00:04 (86 turns).

qw the Shooter (Minotaur Hexslinger)                  Turns: 86, Time: 00:00:05

Health: 0/23       AC:  2    Str: 12    XL:     2   Next: 0%
Magic:  2/2        EV: 12    Int: 10    God:
Gold:   38         SH:  0    Dex: 12    Spells: 2/3 levels left

rFire   . . .        a - +1 sling
rCold   . . .        (no shield)
rNeg    . . .        c - +0 robe
rPois   .            (helmet restricted)
rElec   .            (no cloak)
rCorr   .            (no gloves)
SInv    .            (no boots)
Will    .....        (no amulet)
Stlth   +            (no ring)
HPRegen 0.23/turn    (no ring)
MPRegen 0.08/turn

%: no passive effects
@: no status effects
A: horns 2, retaliatory headbutt
a: no special abilities


You were on level 1 of the Dungeon.
You visited 1 branch of the dungeon, and saw 1 of its levels.

You collected 38 gold pieces.


Innate Abilities, Weirdness & Mutations

You have a pair of horns on your head.
You reflexively headbutt those who attack you in melee.


   Skills:
 + Level 1.2 Fighting
 - Level 3.1 Ranged Weapons
 - Level 2.1 Dodging
 - Level 1.0 Spellcasting
 - Level 2.0 Hexes


You had 2 spell levels left.
You knew the following spells:

 Your Spells              Type           Power      Damage    Failure   Level
a - Slow                  Hex            16%        N/A       16%         1

Your spell library contained the following spells:

 Spells                   Type           Power      Damage    Failure   Level
 Inner Flame              Hex/Fire       2%         N/A       56%         3
 Portal Projectile        Hex/Tloc       4%         N/A       56%         3
 Cause Fear               Hex            2%         N/A       83%         4

Inventory:

Hand Weapons
 a - a +1 sling (weapon)
Armour
 c - a +0 robe (worn)
 d - a +0 ring mail
Scrolls
 b - a scroll of poison
 e - a scroll of identify {unknown}
 f - a scroll of teleportation {unknown}

Dungeon Overview and Level Annotations

Branches:
Dungeon (1/15)

Altars:


Message History

You hear a bark!
A jackal comes into view.
The jackal closely misses you. The goblin barely misses you.
You furiously retaliate!
You headbutt the goblin. The jackal closely misses you.
You shoot a sling bullet. The sling bullet hits the goblin.
The goblin is severely wounded.
The jackal barely misses you. The goblin closely misses you.
You shoot a sling bullet.
The sling bullet barely misses the goblin.
The jackal bites you but does no damage.
The jackal closely misses you. The goblin hits you but does no damage.
The jackal barely misses you. The jackal bites you.
You shoot a sling bullet.
The sling bullet closely misses the goblin.
The jackal bites you. The jackal misses you. You furiously retaliate!
You headbutt the jackal. The goblin misses you. The jackal misses you.
The jackal bites you. The goblin hits you but does no damage.
You shoot a sling bullet.
The sling bullet barely misses the goblin.
The jackal bites you. The jackal closely misses you.
The goblin hits you with a +0 club. The jackal barely misses you.
The jackal bites you.
You shoot a sling bullet.
The sling bullet closely misses the goblin.
The jackal bites you. The jackal closely misses you. You furiously retaliate!
You headbutt the jackal.
You kill the jackal!
The goblin hits you with a +0 club. The jackal bites you.
Your Ranged Weapons skill increases to level 3!
You have reached level 2!
You shoot a sling bullet.
The sling bullet hits the goblin but does no damage.
The goblin is severely wounded.
The goblin barely misses you. The jackal barely misses you.
You furiously retaliate!
You headbutt the jackal, but do no damage.
You shoot a sling bullet.
The sling bullet barely misses the goblin.
The jackal bites you.
You die...

#....# #.....#.
#.##.# #...
#.##.# #.##.# #
#.##.# .##
#.##.# ...#
#.##.###?....
###............
#......@g......
#.####%h#.#.#.#
# #........
#.#.#.#.# #....
. $. .#.#.#.# #
. . .. .# #.#


You could see a jackal and a goblin.

Vanquished Creatures
  An endoplasm (D:1)
  A hobgoblin (D:1)
  3 jackals (D:1)
  A frilled lizard (D:1)
  A goblin (D:1)
7 creatures vanquished.

Notes
Turn   | Place    | Note
-------+----------+-------------------------------------------
     0 | D:1      | qw the Minotaur Hexslinger began the quest for the Orb.
     0 | D:1      | Reached XP level 1. HP: 16/16 MP: 1/1
     0 | D:1      | 0 ||| qw: Version: 0.3-a-52-g30416fa
     0 | D:1      | 0 ||| qw: Game counter: 6129
     0 | D:1      | 0 ||| qw: Melee chars always use a shield: true
     0 | D:1      | 0 ||| qw: God list: Okawaru
     0 | D:1      | 0 ||| qw: Allow faded altars: false
     0 | D:1      | 0 ||| qw: Do Orc after clearing Dungeon:15 true
     0 | D:1      | 0 ||| qw: Do second Lair branch before Depths: true
     0 | D:1      | 0 ||| qw: Lair rune preference: random
     0 | D:1      | 0 ||| qw: Goals: Normal
     0 | D:1      | 0 ||| PLANNING D:1-11
    84 | D:1      | HP: 3/16 [goblin/+0 club (3)]
    85 | D:1      | Reached skill level 3 in Ranged Weapons
    85 | D:1      | Reached XP level 2. HP: 3/23 MP: 2/2
    86 | D:1      | Slain by a jackal

Levels and vault maps discovered:
D:1:      minmay_arrival_radiant_lines, layout_loops_ring, st_stairs_14,
          minmay_misc_feat_diagonals, hex_medium

Skill      XL: |  1 |
---------------+----+-----
Ranged Weapons | 3 |  3.1
Fighting       | |  1.2
Dodging        | |  2.1
Spellcasting   | |  1.0
Hexes          | |  2.0

Action                     || total
---------------------------++-------
   Fire: Sling             ||    27
 Armour: Robe              ||     5
  Dodge: Dodged            ||    17

Table legend:
 A = Non-vault XP
 B = Vault XP
 C = Vault XP percentage of total XP
 D = Non-vault monster count
 E = Vault monster count
 F = Vault count percentage of total count
                 A         B        C        D         E       F
            +---------+---------+-------+---------+---------+-------
      Total |      12 |       0 |   0.0 |       7 |       0 |   0.0
            +---------+---------+-------+---------+---------+-------
        D:1 |      12 |       0 |   0.0 |       7 |       0 |   0.0
            +---------+---------+-------+---------+---------+-------
